[Event "Early-Titled-Tuesday-Blitz-October-10-2023"]
[Site "Chess.com"]
[Date "2023.10.10"]
[Round "4"]
[White "MAGMAchess02"]
[Black "masterofpuppets2"]
[Result "0-1"]
[WhiteElo "2359"]
[BlackElo "2522"]
[TimeControl "180+1"]
[EndTime "8:37:40 PDT"]
[Termination "masterofpuppets2 won on time"]

1. e4 c5 2. Nc3 Nc6 3. Bb5 Nd4 4.
Nf3 a6 5. Bd3 Nc6 6. O-O e6 7. Re1 g5 8. h3 h5 9. Nh2 Bg7 10. Be2 g4 11. hxg4 h4 12. d3 Nge7 13. Bg5 Qc7 14. Qd2 Ng6 15. Bf1 Kf8 16. f4 Bd4+ 17. Kh1 f6 18. f5 Nge7 19. Bh6+ Kf7 20. g5 exf5 21. gxf6 Bxf6 22. Nd5 Nxd5 23. exd5 Ne5 24.
Bf4 d6 25. c3 Bd7 26. d4 cxd4 27. cxd4 Ng6 28. Rac1 Qb8 29. Qd3 Nxf4 30. Qf3 Ng6 31.
Re6 Bxe6 32. dxe6+ Kg7 33. Bc4 b5 34. Bd5 Ra7 35.
Qxf5 Rc7 36. Rf1 Rf8 37. Be4 Qe8 38. Ng4 Bxd4 39. Qh5 Rxf1+ 40. Kh2 Be5+ 41. Nxe5 dxe5 0-1

[Event "Early-Titled-Tuesday-Blitz-October-10-2023"]
[Site "Chess.com"]
[Date "2023.10.10"]
[Round "4"]
[White "Alex_Sahakyan2006"]
[Black "Beca95"]
[Result "1-0"]
[WhiteElo "2709"]
[BlackElo "2885"]
[TimeControl "180+1"]
[EndTime "8:37:42 PDT"]
[Termination "Alex_Sahakyan2006 won by checkmate"]

1. d4 Nf6 2. Nf3 e6 3. Bf4 c5 4.
e3 cxd4 5. exd4 b6 6. Bd3 Ba6 7.
O-O Be7 8. Re1 O-O 9. c3 d6 10.
Bxa6 Nxa6 11. a4 Nc7 12. Nbd2 a6 13. Nc4 b5 14. axb5 axb5 15. Rxa8 Nxa8 16. Ne3 Nb6 17.
h3 Nfd5 18. Nxd5 Nxd5 19. Bg3 Qa5 20. Nd2 Rc8 21. Ne4 Qb6 22. Qb3 h6 23. Ra1 f5 24. Nd2 f4 25. Bh2 g5 26. Kh1 Kf7 27. f3 Qc6 28. Bg1 h5 29. Ra5 Rb8 30. c4 Nc7 31. d5 exd5 32. cxb5 Rxb5 33. Rxb5 Qxb5 34. Qc2 Ne6 35. h4 Bf6 36. Qh7+ Kf8 37. hxg5 Bxg5 38. Qf5+ Ke7 39. Ne4 Bh4 40. Qh7+ Kd8 41. Nxd6 Qd7 42. Bb6+ Nc7 43. Qg8+ Ke7 44. Bxc7 Bf6 45. Qf7# 1-0

[Event "Early-Titled-Tuesday-Blitz-October-10-2023"]
[Site "Chess.com"]
[Date "2023.10.10"]
[Round "4"]
[White "nitpicker"]
[Black "Krlence"]
[Result "0-1"]
[WhiteElo "2254"]
[BlackElo "2428"]
[TimeControl "180+1"]
[EndTime "8:37:42 PDT"]
[Termination "Krlence won on time"]

1. d4 Nf6 2. c4 e6 3. g3 d5 4. Nf3 dxc4 5. Bg2 c5 6. O-O Nc6 7. Ne5 Nxe5 8. dxe5 Qxd1 9. Rxd1 Nd7 10. f4 Rb8 11. a4 b6 12. Bc6 f6 13. Na3 fxe5 14. Nb5 a6 15. Nc7+ Ke7 16. fxe5 h6 17. h4 Nxe5 18. Bg2 Nf7 19. Bf4 e5 20. Nd5+ Ke8 21. Be3 Bd6 22. Nc3 Bb7 23. Ne4 Bxe4 24. Bxe4 Ke7 25.
Bg6 Nd8 26. Rd5 Ne6 27. Rad1 Nd4 28. Bf2 Rbd8 29. Be4 Nxe2+ 30. Kf1 Nd4 31. Bxd4 cxd4 32. a5 b5 33. Bg6 Rhf8+ 34. Kg2 Rf6 35. Be4 Rdf8 36.
Rd2 b4 0-1

[Event "Early-Titled-Tuesday-Blitz-October-10-2023"]
[Site "Chess.com"]
[Date "2023.10.10"]
[Round "4"]
[White "artooon"]
[Black "lefonghua"]
[Result "1-0"]
[WhiteElo "2995"]
[BlackElo "2606"]
[TimeControl "180+1"]
[EndTime "8:37:43 PDT"]
[Termination "artooon won by resignation"]

1. e4 c5 2. Nf3 g6 3. d4 cxd4 4. Qxd4 Nf6 5. Bb5 a6 6. e5 axb5 7. exf6 Nc6 8. fxe7 Qxe7+ 9. Qe3 Qxe3+ 10. Bxe3 Bg7 11. c3 b4 12. O-O O-O 13. Rc1 d5 14. Nbd2 bxc3 15. bxc3 Bf5 16. Nb3 Rfc8 17. Nfd4 Nxd4 18.
Nxd4 Bd3 19. a4 Ra5 20. Ra3 Rca8 21. Nb3 R5a6 22. Nc5 Bf8 23. Rb3 Bxc5 24. Bxc5 Rxa4 25. h3 b5 26. Kh2 Ra1 27. Rxa1 Rxa1 28. Rb2 Bc4 29.
Rd2 Rc1 30. Bb4 f5 31. Rd4 Kf7 32. Rh4 h5 33. Kg3 Kf6 34. Rd4 g5 35. f4 h4+ 36.
Kf3 Rf1+ 37. Ke3 g4 38. Rd2 g3 39. Bd6 Ke6 40. Bc7 Rg1 41. Bd8 Rc1 42. Kd4 Re1 43. Bxh4 Re4+ 44. Kc5 Rxf4 45. Bxg3 Re4 46. Rd1 Re2 47. Rg1 Re3 48. Be1 Rd3 49. h4 Rd1 50. h5 f4 51. h6 Bd3 52. Rf1 Bxf1 53. h7 Rxe1 54. h8=Q Re4 55. Qg8+ Kf5 56. Qf7+ Ke5 57. Qxd5+ 1-0

[Event "Early-Titled-Tuesday-Blitz-October-10-2023"]
[Site "Chess.com"]
[Date "2023.10.10"]
[Round "4"]
[White "BigAl"]
[Black "sergiochess83"]
[Result "1/2-1/2"]
[WhiteElo "2602"]
[BlackElo "2879"]
[TimeControl "180+1"]
[EndTime "8:37:43 PDT"]
[Termination "Game drawn by stalemate"]

1. Nf3 d5 2. g3 c6 3. Bg2 Bg4 4. O-O e6 5. d3 Nf6 6. c4 Be7 7. Be3 dxc4 8. dxc4 Qxd1 9. Rxd1 Nbd7 10. Nc3 O-O 11.
h3 Bxf3 12. Bxf3 Ne5 13. b3 Nxf3+ 14. exf3 Rfd8 15. f4 b6 16. Kg2 Kf8 17. g4 Ke8 18.
Kf3 Bb4 19. Ne4 Nxe4 20. Kxe4 g6 21. f5 exf5+ 22. gxf5 Bc3 23. Rac1 Bf6 24. fxg6 hxg6 25. f4 Ke7 26. f5 Rxd1 27. Rxd1 g5 28. Rg1 Rh8 29.
Rg3 Kd6 30. b4 Rh4+ 31. Kd3 Ke5 32. Bxg5 Bxg5 33. Rxg5 Rxh3+ 34. Kc2 Rf3 35. Rg8 Kd4 36. b5 c5 37. Rg4+ Ke5 38. Rg8 Rxf5 39. Rd8 Rf4 40. Rd7 Rxc4+ 41. Kb3 Rb4+ 42. Ka3 f5 43.
Rd5+ Ke4 44. Re5+ Kxe5 1/2-1/2

[Event "Early-Titled-Tuesday-Blitz-October-10-2023"]
[Site "Chess.com"]
[Date "2023.10.10"]
[Round "4"]
[White "Barmen_EV"]
[Black "Agibileg"]
[Result "0-1"]
[WhiteElo "2487"]
[BlackElo "2695"]
[TimeControl "180+1"]
[EndTime "8:37:43 PDT"]
[Termination "Agibileg won on time"]

1. e4 e5 2. Nf3 Nc6 3. d4 exd4 4. Bc4 Nf6 5. O-O Nxe4 6. Nc3 Nxc3 7. bxc3 d5 8. Bb5 Be7 9. cxd4 O-O 10. c3 Bg4 11. h3 Bh5 12. Re1 Bd6 13. Bxc6 bxc6 14. Qd3 Bg6 15. Qd1 Bh5 16. Qd3 c5 17. Ne5 Bg6 18.
Qb5 Re8 19. Bf4 a6 20. Qa4 Be4 21. f3 Bf5 22. Qc6 f6 23. Nd3 Bxd3 24. Bxd6 Rxe1+ 25. Rxe1 cxd6 26. Qxd5+ Kh8 27. dxc5 dxc5 28. Qxc5 Rc8 29. Qb4 Bc4 30. Re4 Bxa2 31. Qa4 Qb6+ 32. Kh2 Bf7 0-1

[Event "Early-Titled-Tuesday-Blitz-October-10-2023"]
[Site "Chess.com"]
[Date "2023.10.10"]
[Round "4"]
[White "AleksandrAleksikov"]
[Black "MartinMatthiesen"]
[Result "0-1"]
[WhiteElo "2216"]
[BlackElo "2473"]
[TimeControl "180+1"]
[EndTime "8:37:43 PDT"]
[Termination "MartinMatthiesen won on time"]

1. e4 c5 2. Nf3 d6 3. d4 cxd4 4. Nxd4 Nf6 5. Nc3 a6 6. Be2 e5 7.
Nb3 Be7 8. Bg5 Be6 9. Bxf6 Bxf6 10. Qd3 Be7 11. O-O-O Nd7 12. Kb1 Nf6 13. f3 h5 14.
g3 Qc7 15. h3 O-O-O 16. f4 d5 17. exd5 Nxd5 18. fxe5 Qxe5 19. Nxd5 Bxd5 20. Rhe1 Qc7 21. Qe3 Bf6 22. Qc5 Qxc5 23. Nxc5 Bc6 24. Nd3 Rhe8 25. Bxh5 Rxe1 26. Rxe1 Bd5 27. Bg4+ Kc7 28. h4 Bc4 29.
Nf4 Rd2 0-1

[Event "Early-Titled-Tuesday-Blitz-October-10-2023"]
[Site "Chess.com"]
[Date "2023.10.10"]
[Round "4"]
[White "seopie"]
[Black "FairChess_on_YouTube"]
[Result "0-1"]
[WhiteElo "2771"]
[BlackElo "3055"]
[TimeControl "180+1"]
[EndTime "8:37:45 PDT"]
[Termination "FairChess_on_YouTube won by resignation"]

1. e4 c5 2. Nf3 g6 3. c3 d5 4.
exd5 Qxd5 5. Na3 Nf6 6. Nb5 Qd8 7. Bc4 Bg7 8. a4 Nc6 9. O-O O-O 10. h3 Na5 11.
Be2 a6 12. Na3 Be6 13. d4 Nb3 14. Rb1 cxd4 15. Nxd4 Nxd4 16. cxd4 Rc8 17. Bf3 Bd5 18. Be3 Qd7 19. b3 b5 20. axb5 axb5 21. Be2 Qb7 22. f3 Bc6 23. Bf2 Nd5 24. Rc1 b4 25. Nc4 Nc3 26.
Qd2 Rfd8 27. Na5 Qb6 28. Nxc6 Rxc6 29. d5 Qc7 30. Bc4 e6 31. Rfe1 exd5 32. Bd3 h5 33. Ra1 Qd7 34. Ra7 Rc7 35. Ra6 Rc6 36. Ra7 Rc7 37. Ra6 Ne4 38. fxe4 dxe4 39. Rxe4 Qxd3 40.
Re8+ Kh7 41. Rxd8 Qxa6 42. Qxb4 Qa1+ 43. Kh2 Be5+ 44. Bg3 Bxg3+ 45. Kxg3 Qe5+ 46. Kf2 Qf6+ 0-1

[Event "Early-Titled-Tuesday-Blitz-October-10-2023"]
[Site "Chess.com"]
[Date "2023.10.10"]
[Round "4"]
[White "Tsyhanchuk_Stanislav"]
[Black "wqws"]
[Result "0-1"]
[WhiteElo "2467"]
[BlackElo "2663"]
[TimeControl "180+1"]
[EndTime "8:37:47 PDT"]
[Termination "wqws won by resignation"]

1. e4 c5 2. Nf3 d6 3. c4 Nf6 4. Nc3 Nc6 5. d4 cxd4 6. Nxd4 g6 7. Be2 Bg7 8. Be3 O-O 9. O-O h5 10. f4 Ng4 11. Nxc6 bxc6 12. Bd4 e5 13. fxe5 c5 14.
Bf2 Nxf2 15. Rxf2 Bxe5 16. Rf3 Qh4 17. g3 Qg5 18. Nd5 Bxb2 19. h4 Qe5 20. Rb1 Bg4 21.
Nf6+ Kg7 22. Nxg4 hxg4 23. Rd3 Bd4+ 24. Kh2 f5 25. Rb7+ Kf6 26. exf5 gxf5 27. Bxg4 Rh8 28. Kg2 Rag8 29. Bxf5 Kxf5 30. Qf3+ Kg6 31. Qf7+ Kh6 32. Rf3 Rg7 33. Qxg7+ Qxg7 34. Rxg7 Bxg7 35. Ra3 Rb8 36. Rxa7 Rb4 37. Rd7 Be5 38. g4 Rxc4 39. Kf3 Rf4+ 40. Ke3 Rxg4 41. a4 0-1

[Event "Early-Titled-Tuesday-Blitz-October-10-2023"]
[Site "Chess.com"]
[Date "2023.10.10"]
[Round "4"]
[White "Ermito2020"]
[Black "vedantgoswami"]
[Result "1-0"]
[WhiteElo "2595"]
[BlackElo "2392"]
[TimeControl "180+1"]
[EndTime "8:37:47 PDT"]
[Termination "Ermito2020 won on time"]

1. e4 e5 2. Nf3 Nc6 3. Bc4 Bc5 4. c3 Qe7 5. O-O d6 6. d4 Bb6 7. h3 Nf6 8. Re1 h6 9. a4 a5 10. Na3 g5 11. dxe5 dxe5 12. Be3 g4 13. Nh4 gxh3 14. g3 Bg4 15. Qb3 Nd7 16. Nb5 Rg8 17. Kh2 O-O-O 18. Bd5 Nc5 19. Qc4 Be6 20. Rad1 Rd7 21.
Nf5 Bxf5 22. exf5 Rgd8 23. Bf3 e4 24. Rxd7 Rxd7 25. f6 Qe5 26. Bg4 Qxf6 27. Bxc5 1-0

[Event "Early-Titled-Tuesday-Blitz-October-10-2023"]
[Site "Chess.com"]
[Date "2023.10.10"]
[Round "4"]
[White "ploxoi"]
[Black "Alenzer"]
[Result "1-0"]
[WhiteElo "2431"]
[BlackElo "2111"]
[TimeControl "180+1"]
[EndTime "8:37:47 PDT"]
[Termination "ploxoi won on time"]

1. d4 d5 2. c4 dxc4 3. e4 e5 4. Nf3 Bb4+ 5. Bd2 Bxd2+ 6. Nbxd2 exd4 7. Bxc4 Nf6 8. e5 Nd5 9. Qb3 c6 10. Bxd5 Qxd5 11. Qxd5 cxd5 12. Nxd4 Nc6 13. Nxc6 bxc6 14.
Rc1 Bd7 15. f4 Ke7 16. Nb3 Rab8 17. Kd2 Rb4 18. Ke3 h5 19. Rc5 Re4+ 20. Kf3 Bg4+ 21. Kg3 Re3+ 22. Kh4 Bd7 23. Rhc1 f6 24. exf6+ gxf6 25. R5c3 Re2 26. R1c2 Re4 27. g3 Rg8 28. Nc5 Rg4+ 29.
Kxh5 f5 30. Nxd7 Kxd7 31. Rxc6 d4 32. Rf6 Re8 33. Rxf5 Rg7 34. Kh4 Ke6 35. Re5+ Kd7 36. Rxe8 Kxe8 37. Re2+ Kd8 38. Rd2 Rd7 39. Kg4 Kc7 40. Kf5 Kc6 41. Ke4 Kc5 42. Rc2+ Kb4 43. Kd3 Kb5 44. Re2 Kc5 45. Re5+ Kb4 46. h4 1-0

[Event "Early-Titled-Tuesday-Blitz-October-10-2023"]
[Site "Chess.com"]
[Date "2023.10.10"]
[Round "4"]
[White "attack2mateU"]
[Black "frederiksvane"]
[Result "0-1"]
[WhiteElo "2723"]
[BlackElo "2894"]
[TimeControl "180+1"]
[EndTime "8:37:48 PDT"]
[Termination "frederiksvane won on time"]

1. e4 c5 2. Nf3 d6 3. d4 cxd4 4. Nxd4 Nf6 5. Nc3 Nc6 6. Bg5 e6 7. Qd2 a6 8. O-O-O Bd7 9. f3 Nxd4 10. Qxd4 Be7 11. Kb1 b5 12. h4 O-O 13. Qd2 Qc7 14. e5 b4 15. Ne2 dxe5 16. Bxf6 Bxf6 17. Qxd7 Qc5 18. Qd6 Qf2 19. Qc6 Rfd8 20. Rxd8+ Rxd8 21. Nc1 Qe1 22. g4 h5 23. Bg2 Qf2 24. g5 Qxg2 25.
Re1 Be7 26. Nd3 Qg3 27. Qe4 Rd4 28. Qxe5 Qxe5 29. Rxe5 Rxh4 30. b3 Rh1+ 31. Kb2 h4 0-1

[Event "Early-Titled-Tuesday-Blitz-October-10-2023"]
[Site "Chess.com"]
[Date "2023.10.10"]
[Round "4"]
[White "Sadykov_Ramil"]
[Black "McCarthyStone"]
[Result "0-1"]
[WhiteElo "2612"]
[BlackElo "2414"]
[TimeControl "180+1"]
[EndTime "8:37:49 PDT"]
[Termination "McCarthyStone won by resignation"]

1. d4 Nf6 2. Nc3 d6 3. e4 e5 4. Nf3 exd4 5. Nxd4 g6 6. Bg5 Bg7 7. g3 h6 8. Bf4 O-O 9. Bg2 Nc6 10. Nxc6 bxc6 11.
O-O Rb8 12. Rb1 Re8 13. Re1 Ng4 14. h3 Ne5 15. Na4 c5 16. b3 Bd7 17. Nb2 Qc8 18. Kh2 a5 19. Nd3 Nc6 20. a4 Nd4 21. Qd2 h5 22. Qd1 c4 23. bxc4 Rxb1 24. Qxb1 Bxa4 25. Qa2 Bxc2 26. Re3 a4 27. Nb4 Bb3 28. Qd2 Bxc4 29. Ra3 Bb3 30. Be3 Nb5 31. Rxb3 axb3 32. Bf1 b2 33.
Bd3 Na3 34. Qd1 Qb7 35. Qa4 Ra8 36. Qb3 b1=Q 37. Bxb1 Nxb1 38. Qxb1 c5 39. Qd1 cxb4 40. Qxd6 b3 41. e5 b2 42. e6 fxe6 43. Qxe6+ Kh7 0-1

[Event "Early-Titled-Tuesday-Blitz-October-10-2023"]
[Site "Chess.com"]
[Date "2023.10.10"]
[Round "4"]
[White "kritipatel"]
[Black "Haykoooo0o"]
[Result "0-1"]
[WhiteElo "2127"]
[BlackElo "2445"]
[TimeControl "180+1"]
[EndTime "8:37:52 PDT"]
[Termination "Haykoooo0o won by resignation"]

1. e4 g6 2. d4 Bg7 3. f4 d5 4. e5 Nh6 5. h3 c5 6. c3 cxd4 7. cxd4 Nf5 8. Nf3 Ng3 9. Rg1 Nxf1 10. Rxf1 O-O 11. Nc3 Nc6 12. Kf2 b6 13. Kg1 Ba6 14. Re1 e6 15. Qc2 Rc8 16. Qf2 Nb4 17. Rd1 Nd3 18.
Qg3 Nxc1 19. Raxc1 Qd7 20. Ng5 h6 21. Nf3 Rc4 22. h4 h5 23. Qh3 Rfc8 24. g4 hxg4 25.
Qxg4 Kf8 26. Kf2 b5 27. a3 b4 28. axb4 Rxb4 29. Rd2 Rcb8 30. Rcc2 Bc4 31. Nd1 a5 32. h5 gxh5 33. Qxh5 Rb3 34. Ng5 a4 35. Nh7+ Ke8 36.
Nf6+ Bxf6 37. exf6 Kd8 38. f5 R8b6 39. Qh8+ Kc7 40.
Qh2+ Kb7 41. fxe6 Rxe6 42. Qf4 Qc7 43. Nc3 Qxf4+ 0-1

[Event "Early-Titled-Tuesday-Blitz-October-10-2023"]
[Site "Chess.com"]
[Date "2023.10.10"]
[Round "4"]
[White "Let_it_be_1"]
[Black "Quattroporte300"]
[Result "1-0"]
[WhiteElo "2552"]
[BlackElo "2379"]
[TimeControl "180+1"]
[EndTime "8:37:53 PDT"]
[Termination "Let_it_be_1 won by resignation"]

1. e4 c5 2. Nf3 Nc6 3. d4 cxd4 4. Nxd4 Nf6 5. Nc3 d6 6. Be2 e5 7. Nb3 Be6 8. O-O Be7 9. f4 exf4 10. Bxf4 O-O 11. Kh1 Ne5 12. Qe1 Rc8 13. Rd1 Qc7 14. Qg3 a6 15. Nd4 Kh8 16. Bg5 b5 17. a3 Nc4 18.
Bxc4 Bxc4 19. Rf2 d5 20. Bf4 Qd7 21. Nf5 Rg8 22. Nxe7 Qxe7 23. exd5 Nh5 24. Qf3 Nxf4 25. Qxf4 Qc5 26. Ne4 Qb6 27. Nd6 Rc7 28. Nxf7+ Rxf7 29. Qxf7 b4 30. axb4 Qxb4 31. b3 Bb5 32. d6 Qg4 33. Re1 Bd7 34. h3 Qg3 35. Qf4 Qxf4 36. Rxf4 g6 37.
Rf7 Bf5 38. d7 Rd8 39. Re8+ 1-0

[Event "Early-Titled-Tuesday-Blitz-October-10-2023"]
[Site "Chess.com"]
[Date "2023.10.10"]
[Round "4"]
[White "ChainedDowntohell"]
[Black "jcibarra"]
[Result "1-0"]
[WhiteElo "2441"]
[BlackElo "2906"]
[TimeControl "180+1"]
[EndTime "8:37:54 PDT"]
[Termination "ChainedDowntohell won on time"]

1. d4 Nf6 2. c4 d6 3. Nf3 g6 4. Nc3 Bf5 5. Ng5 Bd7 6. e4 e5 7.
Nf3 exd4 8. Nxd4 Bg7 9. Be2 O-O 10. O-O Re8 11. f3 Nc6 12. Nc2 Nh5 13. Be3 f5 14.
Qd2 Be5 15. Bg5 Bf6 16. f4 Bxg5 17. fxg5 Ng7 18. Nd5 Kh8 19. Nf6 Rf8 20. exf5 Bxf5 21. Ne3 Be6 22. Rf4 Ne5 23. Raf1 Nd7 24. Neg4 Qe7 25.
Qe3 Nf5 26. Qh3 Ne5 27. b3 h5 28. Nxe5 dxe5 29. Rxf5 Bxf5 30. Rxf5 Kg7 31. Rf1 Rad8 32.
Qe3 Rd4 33. Bd3 Rfd8 34. Be4 Rd1 35. h3 Rxf1+ 36. Kxf1 Rd1+ 37. Kf2 Ra1 38. Qd2 Qd6 39. Ne8+ 1-0

[Event "Early-Titled-Tuesday-Blitz-October-10-2023"]
[Site "Chess.com"]
[Date "2023.10.10"]
[Round "4"]
[White "Happy1712Drummer"]
[Black "borocotoajua"]
[Result "0-1"]
[WhiteElo "2387"]
[BlackElo "2577"]
[TimeControl "180+1"]
[EndTime "8:37:54 PDT"]
[Termination "borocotoajua won on time"]

1. e4 c6 2. d4 d5 3. Nc3 dxe4 4.
Nxe4 Nd7 5. Ng5 e6 6. Bd3 Ngf6 7. Qe2 Bd6 8. Bd2 h6 9. N5f3 Qc7 10. Nh3 c5 11. O-O-O cxd4 12. Nxd4 O-O 13. Nb5 Qb8 14. Bxh6 Be5 15. Bd2 a6 16. Nc3 Nc5 17. Kb1 b5 18. Ne4 Nxd3 19. Qxd3 Bb7 20. Nhg5 Nxe4 21. Nxe4 Rd8 22.
Qe2 Qc7 23. f3 Rac8 24. Bc1 Bd5 25. h4 Qa5 26. a3 b4 27. Bd2 Qb6 28. axb4 a5 29. Bc3 Bc4 30. Qf2 Qb5 31. Bxe5 Qxe5 32. Rxd8+ Rxd8 33. bxa5 Qxa5 34. Qe1 Qa2+ 0-1

[Event "Early-Titled-Tuesday-Blitz-October-10-2023"]
[Site "Chess.com"]
[Date "2023.10.10"]
[Round "4"]
[White "Grandmaster1369"]
[Black "LeninGuerra"]
[Result "0-1"]
[WhiteElo "2784"]
[BlackElo "2577"]
[TimeControl "180+1"]
[EndTime "8:37:57 PDT"]
[Termination "LeninGuerra won on time"]

1. e4 c5 2. Nc3 e6 3. f4 Nc6 4.
Nf3 d5 5. Bb5 d4 6. Bxc6+ bxc6 7. Ne2 Nf6 8. d3 Be7 9. b3 O-O 10. O-O a5 11. a4 c4 12. bxc4 c5 13. Ng3 Bd7 14. Bd2 Ng4 15. h3 Ne3 16. Bxe3 dxe3 17.
Re1 Qc7 18. e5 Bc6 19. Rxe3 Rfb8 20. f5 Rb4 21. c3 Rb2 22. Qc1 Qb7 23. f6 gxf6 24.
Nh5 Kh8 25. exf6 Rg8 26. Qf1 Rbxg2+ 27. Qxg2 Rxg2+ 28. Kxg2 Qb2+ 29. Kf1 Qxa1+ 30. Re1 Qxc3 31. Ne5 Bd6 32. Nxf7+ Kg8 33. Nh6+ Kf8 34. Re3 Qc1+ 35. Ke2 Qc2+ 36. Kf1 Qg2+ 37. Ke1 Qg5 0-1

[Event "Early-Titled-Tuesday-Blitz-October-10-2023"]
[Site "Chess.com"]
[Date "2023.10.10"]
[Round "4"]
[White "RCone"]
[Black "cycygogne"]
[Result "0-1"]
[WhiteElo "2478"]
[BlackElo "2265"]
[TimeControl "180+1"]
[EndTime "8:37:57 PDT"]
[Termination "cycygogne won on time"]

1. e4 d5 2. exd5 Qxd5 3. Nc3 Qd6 4. d4 Nf6 5. Nf3 Bg4 6. h3 Bh5 7. g3 a6 8. Bg2 e6 9. O-O Nc6 10. Bf4 Qd7 11. g4 Bg6 12. Qe2 O-O-O 13. Rfd1 Nd5 14. Nxd5 exd5 15. c4 Be4 16. cxd5 Qxd5 17. Rac1 Bd6 18. Bxd6 cxd6 19. Nh4 Bxg2 20. Nxg2 Rhe8 21. Ne3 Kb8 22. Qd2 Qf3 23. Kh2 h5 24. gxh5 Rh8 25. Rg1 Rxh5 26. Rg3 Qf4 27. b4 Nxd4 28. Qd1 Rdh8 29.
Qf1 Nf3+ 30. Kg2 Nh4+ 31. Kg1 Nf3+ 32. Kg2 Ne5 33. Qe2 g5 34. Rh1 g4 35. Rh2 gxh3+ 36.
Rhxh3 Rxh3 37. Rxh3 Qe4+ 38. Kh2 Nf3+ 39. Kg2 Rg8+ 40.
Rg3 Nd4+ 41. f3 Rxg3+ 42. Kxg3 Qg6+ 0-1

[Event "Early-Titled-Tuesday-Blitz-October-10-2023"]
[Site "Chess.com"]
[Date "2023.10.10"]
[Round "4"]
[White "elprimo2012mortis"]
[Black "Hrant_ChessMood"]
[Result "1-0"]
[WhiteElo "2641"]
[BlackElo "2927"]
[TimeControl "180+1"]
[EndTime "8:37:58 PDT"]
[Termination "elprimo2012mortis won by checkmate"]

1. e4 c6 2. d4 d5 3. e5 Bf5 4. h4 h5 5. c4 e6 6. Nc3 Nd7 7. cxd5 cxd5 8. Bd3 Ne7 9. Bg5 Bxd3 10. Qxd3 Qb6 11. Nge2 Nc6 12. O-O Be7 13. Bxe7 Nxe7 14.
Ng3 a6 15. Rac1 Nb8 16. Na4 Qb5 17. Qxb5+ axb5 18. Nb6 Rxa2 19. Rc7 Nbc6 20. Rxb7 O-O 21. Nd7 Rd8 22. Nxh5 Rxb2 23. Rc1 Nxd4 24. Rcc7 Ndf5 25. g4 Ra8 26. gxf5 Nxf5 27. Ra7 Rxa7 28. Rxa7 d4 29.
Nf4 Nxh4 30. Ra8+ Kh7 31. Nf8+ Kh6 32. Nd7 Nf3+ 33. Kg2 Nh4+ 34. Kg3 Nf5+ 35. Kg4 Kh7 36. Nf8+ Kh6 37. N8xe6 g6 38. Rh8# 1-0

[Event "Early-Titled-Tuesday-Blitz-October-10-2023"]
[Site "Chess.com"]
[Date "2023.10.10"]
[Round "4"]
[White "gueraumasague"]
[Black "viktorgen2021"]
[Result "1-0"]
[WhiteElo "2529"]
[BlackElo "2374"]
[TimeControl "180+1"]
[EndTime "8:37:58 PDT"]
[Termination "gueraumasague won on time"]

1. e4 g6 2. Nc3 Bg7 3. d4 d6 4. g3 Nf6 5. Bg2 O-O 6. Nge2 c6 7. O-O b5 8. h3 b4 9. Na4 Qc7 10. f4 Ba6 11. c3 bxc3 12. Naxc3 e5 13. dxe5 dxe5 14.
f5 Nbd7 15. g4 Rad8 16. g5 Nc5 17. Qe1 Nh5 18. f6 Bh8 19. Bf3 Nf4 20. Qh4 Nxe2+ 21.
Bxe2 Bxe2 22. Nxe2 Rd3 23. b3 Qb6 24. Kh1 Rfd8 25. Ba3 Ne6 26. Be7 R8d7 27. Qg4 Re3 28. Qxe6 Red3 29. Ng1 Qe3 30. Qg4 h5 31. Qf3 Qd2 32.
Qg2 Qc3 33. Rac1 Qd4 34. Rxc6 Kh7 35. Rc4 Qe3 36. Nf3 Rd2 37. Nxd2 Rxd2 38. Qf3 1-0

[Event "Early-Titled-Tuesday-Blitz-October-10-2023"]
[Site "Chess.com"]
[Date "2023.10.10"]
[Round "4"]
[White "Willi_Skibbe"]
[Black "JAN2404"]
[Result "0-1"]
[WhiteElo "2249"]
[BlackElo "2079"]
[TimeControl "180+1"]
[EndTime "8:37:58 PDT"]
[Termination "JAN2404 won by resignation"]

1. e4 c5 2. c3 d6 3. d4 Nf6 4. Bd3 cxd4 5. cxd4 Nc6 6. d5 Ne5 7. Bc2 g6 8. Nc3 Bg7 9. h3 O-O 10. Nge2 Bd7 11. O-O Rc8 12. b3 Qa5 13. Bb2 b5 14. f4 b4 15. fxe5 dxe5 16. Na4 Bxa4 17. bxa4 Qc5+ 18. Kh1 Qxc2 19. Bxe5 Nxe4 20. Bxg7 Kxg7 21. Qd4+ f6 22. Rfe1 Rc4 23. Qe3 Nc3 24. Nd4 Qb2 25. Ne6+ Kg8 26. Nxf8 Kxf8 27. Qxe7+ Kg8 28. Qe8+ Kg7 29.
Re7+ Kh6 30. Qf8+ Kg5 31. Rf1 Nxd5 32. Ree1 Nf4 33. Rxf4 Kxf4 34. Qxf6+ Qxf6 35. Rf1+ Kg5 36. h4+ Rxh4+ 0-1

[Event "Early-Titled-Tuesday-Blitz-October-10-2023"]
[Site "Chess.com"]
[Date "2023.10.10"]
[Round "4"]
[White "Casper"]
[Black "juancruzarias"]
[Result "0-1"]
[WhiteElo "2440"]
[BlackElo "2638"]
[TimeControl "180+1"]
[EndTime "8:37:59 PDT"]
[Termination "juancruzarias won on time"]

1. e4 e6 2. Nf3 d5 3. Nc3 Nf6 4. exd5 exd5 5. d4 Bb4 6. Bd3 O-O 7. O-O Bg4 8. Bg5 c6 9. Re1 Nbd7 10. Qd2 Re8 11.
Ne5 Bh5 12. Qf4 Be7 13. Re3 Bg6 14. Bxg6 hxg6 15. Nxd7 Qxd7 16. Qh4 Bd8 17. Rh3 Nh5 18. g4 Bxg5 19. Qxg5 Nf6 20. f3 Re6 21. Qh4 Kf8 22. Qh8+ Ng8 23. Qh4 Rae8 24. f4 Re3 25. Rxe3 Rxe3 26.
Kf2 Qe7 27. Qxe7+ Rxe7 28. Re1 Nf6 29. Rxe7 Kxe7 30. Kf3 Nd7 31. Na4 b6 32. b4 Kd6 33.
Nc3 Nb8 34. b5 Nd7 35. a4 c5 36. Ne2 Nf6 0-1

[Event "Early-Titled-Tuesday-Blitz-October-10-2023"]
[Site "Chess.com"]
[Date "2023.10.10"]
[Round "4"]
[White "KorolDimitriy75"]
[Black "Fh2411"]
[Result "1-0"]
[WhiteElo "2400"]
[BlackElo "2559"]
[TimeControl "180+1"]
[EndTime "8:37:59 PDT"]
[Termination "KorolDimitriy75 won by resignation"]

1. d4 Nf6 2. c4 e6 3. Nc3 Bb4 4. Qc2 d5 5. cxd5 exd5 6. Bg5 O-O 7.
e3 h6 8. Bxf6 Qxf6 9. a3 Bxc3+ 10.
Qxc3 c6 11. Ne2 Re8 12. Ng3 Nd7 13. Be2 Nf8 14. O-O g6 15. Rfc1 h5 16. h3 Ne6 17.
b4 h4 18. Nf1 Ng5 19. f3 Bxh3 20. gxh3 Nxf3+ 21. Bxf3 Qxf3 22. Ra2 Qxh3 23. Qd3 Re4 24. Rg2 Rae8 25. Rcc2 Qf5 26. Rcf2 Qh5 27. b5 h3 28.
Rg3 Rg4 29. Qe2 Ree4 30. Qf3 f5 31. Kh2 Kg7 32. bxc6 bxc6 33. Rxg4 Rxg4 34. Ng3 Qh4 35. Rb2 Kh6 36. Rb8 Re4 37. Rh8+ Kg5 38. Rxh4 Kxh4 39.
Ne2 Kg5 40. Nf4 1-0

[Event "Early-Titled-Tuesday-Blitz-October-10-2023"]
[Site "Chess.com"]
[Date "2023.10.10"]
[Round "4"]
[White "ViktoriyaTarasova"]
[Black "koncheto"]
[Result "0-1"]
[WhiteElo "2364"]
[BlackElo "2528"]
[TimeControl "180+1"]
[EndTime "8:37:59 PDT"]
[Termination "koncheto won by checkmate"]

1. d4 Nf6 2. c4 e6 3. Nc3 c5 4.
d5 exd5 5. cxd5 d6 6. Nf3 g6 7. Bf4 a6 8. a4 Qe7 9. e3 Bg4 10. Be2 Bxf3 11. Bxf3 Bg7 12. O-O O-O 13. e4 Nbd7 14.
Qc2 Rac8 15. Rfe1 Ne5 16. Be2 Nfd7 17. h3 Rfe8 18. Bh2 c4 19. f4 Nd3 20. Bxd3 cxd3 21. Qxd3 Nc5 22. Qf3 Bxc3 23. Qxc3 Nxe4 24. Qd4 f5 25. Rac1 Qd7 26. b3 Rxc1 27. Rxc1 Rc8 28. Re1 Rc3 29. g4 Rxh3 30. gxf5 gxf5 31. Kh1 Rh6 32. Rg1+ Rg6 33. Qa7 Kf7 34. Rxg6 hxg6 35. Qd4 Qc7 36. Qh8 Qc1+ 37. Bg1 Qxf4 38. Qh7+ Kf6 39.
Bd4+ Kg5 40. Qe7+ Kg4 41. Qh7 Ng3+ 42. Kg2 Qf1+ 43. Kh2 Qh1# 0-1